 Dungeon Crawl Stone Soup version 0.29.0-4-gdea44cf6ec (webtiles) character file.

Game seed: 7504395153228915323

379 qw the Chopper (level 6, 0/35 HPs)
             Began as a Tengu Warper on Aug 28, 2022.
             Constricted to death by Edmund (1 damage)
             ... on level 4 of the Dungeon.
             The game lasted 00:00:26 (5198 turns).

qw the Chopper (Tengu Warper)                       Turns: 5198, Time: 00:00:26

Health: 0/35       AC:  8    Str: 14    XL:     6   Next: 74%
Magic:  10/10      EV:  4    Int: 13    God:
Gold:   188        SH:  0    Dex: 13    Spells: 9/9 levels left

rFire   . . .      SeeInvis .   a - +1 war axe
rCold   . . .      Faith    .   (no shield)
rNeg    . . .      Spirit   .   e - +0 chain mail
rPois   .          Reflect  .   (helmet restricted)
rElec   .          Harm     .   (no cloak)
rCorr   .          Rampage  .   (no gloves)
Will    .....                   (boots unavailable)
Stlth   ..........              (no amulet)
HPRegen 0.11/turn               b - +4 ring of slaying {mikee}
MPRegen 0.12/turn               g - +4 ring of slaying {mikee}

@: about to teleport, grasped by roots, flying quickly and evasively,
constricted, quick
A: beak, talons 3, nimble flight
a: no special abilities


You were on level 4 of the Dungeon.
You visited 1 branch of the dungeon, and saw 4 of its levels.

You collected 188 gold pieces.


Innate Abilities, Weirdness & Mutations

You have a beak for a mouth.
You have claws for feet.
Your magical nature lets you fly swiftly and evasively.


   Skills:
 + Level 2.2 Fighting
 - Level 7.3 Axes
 - Level 1.0 Throwing
 - Level 2.0 Armour
 - Level 2.1 Dodging
 - Level 2.0 Spellcasting
 - Level 2.4 Translocations


You had 9 spell levels left.
You didn't know any spells.
Your spell library contained the following spells:

 Spells                   Type           Power      Damage    Failure   Level
 Blink                    Tloc           14%        N/A       98%         2
 Gell's Gravitas          Tloc           7%         N/A       100%        3
 Lesser Beckoning         Tloc           7%         N/A       100%        3
 Teleport Other           Tloc           7%         N/A       100%        3
 Manifold Assault         Tloc           7%         N/A       100%        5

Inventory:

Hand Weapons
 a - a +1 war axe (weapon)
 k - a +0 flail
Armour
 e - a +0 chain mail (worn)
Jewellery
 b - a +4 ring of slaying (left hand) {mikee}
 g - a +4 ring of slaying (right hand) {mikee}
Scrolls
 c - 3 scrolls of teleportation
 h - a scroll of identify
 l - a scroll of immolation {unknown}
 m - a scroll of silence {unknown}
 n - a scroll of poison {unknown}
Potions
 d - a potion of mutation {unknown}
 f - a potion of lignification {unknown}
 i - 2 potions of curing {unknown}
 j - a potion of cancellation {unknown}

Dungeon Overview and Level Annotations

Branches:
Dungeon (4/15)
 Temple: D:4-7

Altars:

Shops:
D:1 :

Annotations:
D:4 Edmund, Sigmund


Message History

The ball python grabs you. The ball python constricts you.
The ball python barely misses you. The ball python constricts you.
You slash the ball python!
You kill the ball python!
Found a scythe.
Found a flail.
Edmund the Younger comes into view.
He is wielding a +2 flail of protection and carrying a wand of roots (9).
Edmund shouts!
Edmund zaps a wand.
The roots erupt in riotous growth!
The grasping roots grab you! The grasping roots constrict you.
You hear a shout!
You escape the roots grasp.
Edmund zaps a wand.
The roots erupt in riotous growth!
The grasping roots grab you! The grasping roots constrict you.
You escape the roots grasp.
You slash Edmund!
Edmund is moderately wounded.
Edmund hits you with a +2 flail of protection!
You hit Edmund. Your peck misses Edmund.
Edmund is moderately wounded.
Edmund hits you with a +2 flail of protection.
You hit Edmund. Your kick misses Edmund. You peck Edmund, but do no damage.
Edmund is moderately wounded.
Edmund hits you with a +2 flail of protection. x2
5196 ||| READING 4 scrolls of teleportation.
As you read the scroll of teleportation, it crumbles to dust.
You feel strangely unstable. Edmund closely misses you.
You hit Edmund but do no damage. You peck Edmund, but do no damage.
Edmund is moderately wounded.
Edmund hits you with a +2 flail of protection!
You hit Edmund but do no damage. You claw Edmund!
Edmund is heavily wounded.
Sigmund the Dreaded comes into view.
He is wielding a +0 scythe.
Edmund zaps a wand.
The roots erupt in riotous growth!
The grasping roots grab you!
Edmund is unaffected.
The grasping roots constrict you.
You die...

#..#...# #..# #..#@..#
#..# #......# .#..#
######
#......#..#..###.....
#..#......#......####
###..#..##..#..#.###...
##....#..)# #..#.###...
###..##.#..##
#..#..'....
#.....#.#@##
#..####....
#..###...#@.....#.##
#..... #.
##..#..#####.# ###... #
##.#..#PP...# #.#'#.
#.####.....####..(##
#............+......
#...>....##.###......
#........##.##.......
#...##.##.....##.......


You could see Edmund and Sigmund (wandering).

Vanquished Creatures
  An ogre (D:4)
  A necrophage (D:4)
  An orc priest (D:3)
  An iguana (D:4)
  An orc wizard (D:3)
  5 adders
  5 dart slugs
  14 orcs
  6 ball pythons
  9 endoplasms
  3 giant cockroaches
  8 goblins
  8 hobgoblins
  3 jackals (D:1)
  3 kobolds
  3 quokkas
  3 bats
  5 frilled lizards
  8 rats
88 creatures vanquished.

Notes
Turn   | Place    | Note
-------+----------+-------------------------------------------
     0 | D:1      | qw the Tengu Warper began the quest for the Orb.
     0 | D:1      | Reached XP level 1. HP: 12/12 MP: 4/4
     0 | D:1      | 0 ||| qw: Version: 0.1-a-89-g26bdef1
     0 | D:1      | 0 ||| qw: Game counter: 948
     0 | D:1      | 0 ||| qw: Always use a shield: true
     0 | D:1      | 0 ||| qw: God list: Okawaru
     0 | D:1      | 0 ||| qw: Allow faded altars: false
     0 | D:1      | 0 ||| qw: Do Orc after D:15 true
     0 | D:1      | 0 ||| qw: Do second Lair branch before Depths: true
     0 | D:1      | 0 ||| qw: Lair rune preference: random
     0 | D:1      | 0 ||| qw: Plans: Normal
     0 | D:1      | 0 ||| PLANNING D:1-11
   119 | D:1      | Reached skill level 3 in Axes
   119 | D:1      | Reached XP level 2. HP: 6/17 MP: 6/6
   560 | D:1      | Found a faded altar of an unknown god.
   680 | D:1      | Reached XP level 3. HP: 21/21 MP: 7/7
   909 | D:1      | Found Jigacacs's Book Shop.
  1079 | D:1      | 1079 ||| UPGRADING to +0 ring mail.
  1089 | D:1      | 1089 ||| DROPPING +0 leather armour.
  1090 | D:1      | 1090 ||| READING scroll labelled MODAMP TEDO.
  1095 | D:1      | 1095 ||| READING scroll labelled SOIFEE NUUZIO.
  1096 | D:1      | 1096 ||| READING 2 scrolls labelled NORRUO WIUNEJA.
  1097 | D:1      | 1097 ||| READING scroll labelled LETASO YQAIFEY.
  1098 | D:1      | 1098 ||| READING scroll labelled ZIS SADYOV.
  1099 | D:1      | 1099 ||| READING scroll labelled NIQOSK LATT.
  1100 | D:1      | 1100 ||| DROPPING scroll of blinking.
  1101 | D:1      | 1101 ||| DROPPING scroll of vulnerability.
  1256 | D:2      | Reached skill level 4 in Axes
  1289 | D:2      | 1289 ||| Stepping ~*~*~tactically~*~*~ (hiding).
  2177 | D:2      | 2177 ||| UPGRADING to +0 chain mail.
  2187 | D:2      | 2187 ||| DROPPING +0 ring mail.
  2188 | D:2      | 2188 ||| DROPPING amulet of faith.
  2189 | D:2      | 2189 ||| READING scroll labelled VIM IBABOAN.
  2226 | D:3      | 2226 ||| STAIRDANCE
  2271 | D:3      | 2271 ||| Stepping ~*~*~tactically~*~*~ (stealth).
  2282 | D:3      | HP: 1/21 [orc/+0 war axe (6)]
  2283 | D:3      | 2283 ||| READING scroll of teleportation.
  2287 | D:3      | Reached XP level 4. HP: 2/26 MP: 8/8
  2330 | D:3      | 2330 ||| Stepping ~*~*~tactically~*~*~ (stealth).
  2440 | D:3      | 2440 ||| Stepping ~*~*~tactically~*~*~ (stealth).
  2443 | D:3      | HP: 1/26 [orc priest/nerve-wracking pain (14)]
  2446 | D:3      | Reached skill level 5 in Axes
  2783 | D:3      | 2783 ||| SWAPPING to +0 war axe.
  2784 | D:3      | 2784 ||| DROPPING +1 hand axe.
  2788 | D:3      | 2788 ||| Stepping ~*~*~tactically~*~*~ (hiding).
  2802 | D:3      | HP: 6/26 [orc/+0 trident (1)]
  3089 | D:3      | 3089 ||| Stepping ~*~*~tactically~*~*~ (stealth).
  3090 | D:3      | 3090 ||| Stepping ~*~*~tactically~*~*~ (stealth).
  3099 | D:3      | 3099 ||| READING scroll of enchant weapon.
  3099 | D:3      | 3099 ||| ENCHANTING +0 war axe.
  3189 | D:3      | 3189 ||| Stepping ~*~*~tactically~*~*~ (stealth).
  3337 | D:3      | 3337 ||| Stepping ~*~*~tactically~*~*~ (stealth).
  3343 | D:3      | Gained mutation: Your magical nature lets you fly swiftly
                  | and evasively. [Tengu growth]
  3343 | D:3      | Reached XP level 5. HP: 25/30 MP: 9/9
  3349 | D:3      | HP: 7/30 [something (4)]
  3354 | D:3      | HP: 2/30 [something (4)]
  3449 | D:3      | 3449 ||| FLEEEEING.
  3450 | D:3      | 3450 ||| FLEEEEING.
  3451 | D:3      | 3451 ||| FLEEEEING.
  3452 | D:3      | 3452 ||| FLEEEEING.
  3458 | D:3      | 3458 ||| FLEEEEING.
  3459 | D:3      | 3459 ||| FLEEEEING.
  3471 | D:3      | 3471 ||| FLEEEEING.
  3478 | D:3      | 3478 ||| FLEEEEING.
  3480 | D:3      | 3480 ||| FLEEEEING.
  3491 | D:3      | 3491 ||| FLEEEEING.
  3492 | D:3      | 3492 ||| FLEEEEING.
  3871 | D:3      | Reached skill level 6 in Axes
  4129 | D:3      | 4129 ||| UPGRADING to +4 ring of slaying {mikee}.
  4130 | D:3      | 4130 ||| UPGRADING to +4 ring of slaying {mikee}.
  4412 | D:4      | 4412 ||| DROPPING +0 whip.
  4440 | D:4      | Reached XP level 6. HP: 28/35 MP: 10/10
  4860 | D:4      | 4860 ||| Stepping ~*~*~tactically~*~*~ (stealth).
  4869 | D:4      | Reached skill level 7 in Axes
  5188 | D:4      | Noticed Edmund
  5195 | D:4      | HP: 8/35 [Edmund/+2 flail of protection (1)]
  5196 | D:4      | 5196 ||| READING 4 scrolls of teleportation.
  5197 | D:4      | HP: 1/35 [Edmund/+2 flail of protection (7)]
  5198 | D:4      | Noticed Sigmund
  5198 | D:4      | Constricted to death by Edmund

Levels and vault maps discovered:
D:1:      dpeg_arrival_round_c, layout_loops_ring,
          hellmonk_ecumenical_altar_dog_temple, serial_shops,
          nicolae_shop_temple_entry_statues_fountains, serial_aquarium,
          aquarium_bridge_square [aquarium_subvault_bridge,
          aquarium_subvault_bridge, aquarium_subvault_bridge,
          aquarium_subvault_bridge], aquarium_bridge_straight
          [aquarium_subvault_bridge, aquarium_subvault_window,
          aquarium_subvault_bridge, aquarium_subvault_wall], aquarium_window_1,
          aquarium_window_3, aquarium_view_2c, aquarium_view_2b,
          aquarium_balcony_3b, aquarium_pool_double
D:2:      layout_basic
D:3:      layout_loops_cross
D:4:      nicolae_cairo_tiling_very_big, layout_basic, serial_curves,
          eino_curves_01, eino_curves_02, eino_curves_01, minmay_liquid_box,
          sigmund_edmund_badplayer

Skill      XL: |  1  2  3  4  5  6 |
---------------+-------------------+-----
Axes           | 3 4 5 6 7 |  7.3
Armour         | 2 |  2.0
Fighting       | |  2.2
Throwing       | |  1.0
Dodging        | |  2.1
Spellcasting   | |  2.0
Translocations | |  2.4

Action                   |  1- 3 |  4- 6 || total
-------------------------+-------+-------++-------
Melee: Hand axe          |    80 |     5 ||    85
       Kick              |    25 |    19 ||    44
       Peck              |    10 |    14 ||    24
       War axe           |       |    99 ||    99
       Punch             |       |     1 ||     1
Throw: Boomerang         |    12 |       ||    12
  Use: Scroll            |     8 |     2 ||    10
Armor: Leather armour    |     7 |       ||     7
       Chain mail        |    16 |    32 ||    48
       Ring mail         |     4 |       ||     4
Dodge: Dodged            |    37 |    25 ||    62

Table legend:
 A = Non-vault XP
 B = Vault XP
 C = Vault XP percentage of total XP
 D = Non-vault monster count
 E = Vault monster count
 F = Vault count percentage of total count
                 A         B        C        D         E       F
            +---------+---------+-------+---------+---------+-------
      Total |     536 |       6 |   1.1 |      85 |       3 |   3.4
            +---------+---------+-------+---------+---------+-------
        D:1 |      32 |       6 |  15.8 |      18 |       3 |  14.3
        D:2 |      31 |       0 |   0.0 |      16 |       0 |   0.0
        D:3 |     160 |       0 |   0.0 |      30 |       0 |   0.0
        D:4 |     313 |       0 |   0.0 |      21 |       0 |   0.0
            +---------+---------+-------+---------+---------+-------
